PBL
KANSAS CITY ROYALS @ ATLANTA BRAVES
05/17/2071
 
TOP OF THE 1ST
Kansas City Royals batting - Pitching for Atlanta Braves : RHP Ed Meyer
Pitching: RHP Ed Meyer
Batting: LHB Dan Heller 0-0: Ball
1-0: Foul Ball, location: 7LDF
1-1: Called Strike
1-2: Strikes out swinging
Batting: RHB Bert Acheson 0-0: Ball
1-0: Fly out, F8 (Flyball, 8RS, EV 98.8 MPH)
Batting: LHB Sergio Longoria 0-0: Swinging Strike
0-1: Ball
1-1: Ball
2-1: Fly out, F8 (Flyball, 89M, EV 98.1 MPH)
Top of the 1st over - 0 runs, 0 hits, 0 errors, 0 left on base; Kansas City 0 - Atlanta 0
BOTTOM OF THE 1ST
Atlanta Braves batting - Pitching for Kansas City Royals : RHP Ronald Coleman
Pitching: RHP Ronald Coleman
Batting: SHB Ramón Salinas 0-0: Called Strike
0-1: Ball
1-1: Swinging Strike
1-2: Foul Ball, location: 2F
1-2: Strikes out swinging
Batting: RHB Kelvin White 0-0: Ball
1-0: Ground out 5-3 (Groundball, 25, EV 78.8 MPH)
Batting: SHB Michael Davidson 0-0: Called Strike
0-1: Ball
1-1: Ball
2-1: Foul Ball, location: 7LMF
2-2: Foul Ball, location: 2F
2-2: Foul Ball, location: 3F
2-2: Ball
3-2: Foul Ball, location: 25FF
3-2: Foul Ball, location: 7LDF
3-2: Base on Balls
Batting: LHB Eric Kilbridge 0-0: Foul Ball, location: 2F
0-1: Called Strike
0-2: Ball
1-2: SINGLE (Line Drive, 34D, EV 109.4 MPH)
Michael Davidson to second
Runner from 2nd tries for 3rd, SAFE, throw by RF made to third
Batting: RHB Murai Kimura 0-0: Called Strike
0-1: Ball
1-1: Ball
2-1: Fielders Choice at 2nd, 6-4 (Groundball, 6, EV 91.9 MPH)
Bottom of the 1st over - 0 runs, 1 hit, 0 errors, 2 left on base; Kansas City 0 - Atlanta 0
TOP OF THE 2ND
Kansas City Royals batting - Pitching for Atlanta Braves : RHP Ed Meyer
Batting: RHB Edgardo Pérez 0-0: Ball
1-0: Called Strike
1-1: Foul Ball, location: 9LSF
1-2: Strikes out swinging
Batting: RHB Tamuramaro Maeda 0-0: Called Strike
0-1: Swinging Strike
0-2: Ball
1-2: Foul Ball, location: 9LMF
1-2: Strikes out looking
Batting: RHB David Harris 0-0: Called Strike
0-1: Ball
1-1: Foul Ball, location: 7LSF
1-2: Foul Ball, location: 5SF
1-2: Foul Ball, location: 2F
1-2: Strikes out looking
Top of the 2nd over - 0 runs, 0 hits, 0 errors, 0 left on base; Kansas City 0 - Atlanta 0
BOTTOM OF THE 2ND
Atlanta Braves batting - Pitching for Kansas City Royals : RHP Ronald Coleman
Batting: LHB Paul Graham 0-0: Called Strike
0-1: Swinging Strike
0-2: Strikes out swinging
Batting: RHB Ray Boyer 0-0: Ground out 5-3 (Groundball, 56S, EV 85.6 MPH)
Batting: RHB Dave Lester 0-0: Ball
1-0: Ball
2-0: Ball
3-0: Called Strike
3-1: Fly out, F8 (Flyball, 8RM, EV 94.4 MPH)
Bottom of the 2nd over - 0 runs, 0 hits, 0 errors, 0 left on base; Kansas City 0 - Atlanta 0
TOP OF THE 3RD
Kansas City Royals batting - Pitching for Atlanta Braves : RHP Ed Meyer
Batting: RHB Andrés Mota 0-0: Called Strike
0-1: Foul Ball, location: 9LSF
0-2: Ball
1-2: Ball
2-2: Strikes out looking
Batting: RHB Neal Martin 0-0: Called Strike
0-1: Ball
1-1: Foul Ball, location: 7LSF
1-2: Strikes out swinging
Batting: RHB Jorge Morán 0-0: Foul Ball, location: 2LF
0-1: SINGLE (Groundball, 23, EV 71.3 MPH) (infield hit)
Batting: LHB Dan Heller 0-0: Ball
1-0: Ground out U3 (Groundball, 3, EV 98.8 MPH)
Top of the 3rd over - 0 runs, 1 hit, 0 errors, 1 left on base; Kansas City 0 - Atlanta 0
BOTTOM OF THE 3RD
Atlanta Braves batting - Pitching for Kansas City Royals : RHP Ronald Coleman
Batting: RHB Ronald Baldwin 0-0: Swinging Strike
0-1: Swinging Strike
0-2: Foul Ball, location: 5SF
0-2: Ball
1-2: Foul Ball, location: 2F
1-2: Strikes out swinging
Batting: SHB Ramón Salinas 0-0: Ball
1-0: Ball
2-0: Foul Ball, location: 3SF
2-1: Called Strike
2-2: SOLO HOME RUN (Flyball, 9LD, EV 93.8 MPH), Distance : 349 ft
Batting: RHB Kelvin White 0-0: DOUBLE (Line Drive, 78M, EV 97.5 MPH)
Batting: SHB Michael Davidson 0-0: Ball
1-0: Fly out, F8 (Flyball, 8RD, EV 109.4 MPH)
Batting: LHB Eric Kilbridge 0-0: Ball
1-0: Ball
2-0: Foul Ball, location: 7LMF
2-1: Swinging Strike
2-2: Foul Ball, location: 7LMF
2-2: Ground out 4-3 (Groundball, 4, EV 92.5 MPH)
Bottom of the 3rd over - 1 run, 2 hits, 0 errors, 1 left on base; Kansas City 0 - Atlanta 1
TOP OF THE 4TH
Kansas City Royals batting - Pitching for Atlanta Braves : RHP Ed Meyer
Batting: RHB Bert Acheson 0-0: Foul Ball, location: 7LSF
0-1: Fly out, F9 (Flyball, 89M, EV 80.6 MPH)
Batting: LHB Sergio Longoria 0-0: Ball
1-0: Ball
2-0: Ball
3-0: Called Strike
3-1: Foul Ball, location: 25FF
3-2: Fly out, F8 (Flyball, 78S, EV 90.6 MPH)
Batting: RHB Edgardo Pérez 0-0: Called Strike
0-1: Ball
1-1: Ball
2-1: Fly out, F8 (Flyball, 8RM, EV 85.0 MPH)
Top of the 4th over - 0 runs, 0 hits, 0 errors, 0 left on base; Kansas City 0 - Atlanta 1
BOTTOM OF THE 4TH
Atlanta Braves batting - Pitching for Kansas City Royals : RHP Ronald Coleman
Batting: RHB Murai Kimura 0-0: Foul Ball, location: 3F
0-1: Swinging Strike
0-2: Ball
1-2: Reached via error on a dropped throw from 1B, E1 (Groundball, 34S, EV 81.9 MPH)
Batting: LHB Paul Graham 0-0: Fly out, F8 (Flyball, 8LD, EV 90.6 MPH)
Batting: RHB Ray Boyer 0-0: Called Strike
0-1: Ball
1-1: Called Strike
1-2: Ball
2-2: Ball
3-2: Ground out 4-3 (Groundball, 34, EV 75.6 MPH)
Murai Kimura to second
Batting: RHB Dave Lester 0-0: Ball
1-0: Ball
2-0: Swinging Strike
2-1: Foul Ball, location: 23F
2-2: Ball
3-2: Fly out, F9 (Flyball, 9S, EV 93.8 MPH)
Bottom of the 4th over - 0 runs, 0 hits, 1 error, 1 left on base; Kansas City 0 - Atlanta 1
TOP OF THE 5TH
Kansas City Royals batting - Pitching for Atlanta Braves : RHP Ed Meyer
Batting: RHB Tamuramaro Maeda 0-0: Foul Ball, location: 2F
0-1: Called Strike
0-2: Fly out, F9 (Flyball, 9D, EV 89.4 MPH)
Batting: RHB David Harris 0-0: Called Strike
0-1: Ground out 6-3 (Groundball, 6, EV 82.5 MPH)
Batting: RHB Andrés Mota 0-0: Ball
1-0: Called Strike
1-1: Fly out, F8 (Flyball, 8RD, EV 103.8 MPH)
Top of the 5th over - 0 runs, 0 hits, 0 errors, 0 left on base; Kansas City 0 - Atlanta 1
BOTTOM OF THE 5TH
Atlanta Braves batting - Pitching for Kansas City Royals : RHP Ronald Coleman
Batting: RHB Ronald Baldwin 0-0: Foul Ball, location: 2F
0-1: Fly out, F8 (Flyball, 8RM, EV 100.0 MPH)
Batting: SHB Ramón Salinas 0-0: Ball
1-0: Foul Ball, location: 7LDF
1-1: Swinging Strike
1-2: Ball
2-2: Ground out U3 (Groundball, 3, EV 91.3 MPH)
Batting: RHB Kelvin White 0-0: Ball
1-0: Ball
2-0: Ground out 6-3 (Groundball, 6, EV 75.6 MPH)
Bottom of the 5th over - 0 runs, 0 hits, 0 errors, 0 left on base; Kansas City 0 - Atlanta 1
TOP OF THE 6TH
Kansas City Royals batting - Pitching for Atlanta Braves : RHP Ed Meyer
Batting: RHB Neal Martin 0-0: Called Strike
0-1: Ball
1-1: Called Strike
1-2: Ground out U3 (Groundball, 34S, EV 89.4 MPH)
Batting: RHB Jorge Morán 0-0: Foul Ball, location: 2F
0-1: Called Strike
0-2: DOUBLE (Line Drive, 3D, EV 98.8 MPH)
Batting: LHB Dan Heller 0-0: Called Strike
0-1: Ball
1-1: DOUBLE (Line Drive, 7LM, EV 86.9 MPH)
Jorge Morán scores
Batting: RHB Bert Acheson 0-0: Called Strike
0-1: Fly out, F8 (Flyball, 8RD, EV 94.4 MPH)
Runner from 2nd tags up, SAFE at 3rd with throw by CF
Batting: LHB Sergio Longoria 0-0: Ball
1-0: Swinging Strike
1-1: Ball
2-1: Ball
3-1: Hit by Pitch
Batting: RHB Edgardo Pérez 0-0: Ball
1-0: Swinging Strike
1-1: Fly out, F3 (Popup, 3SF, EV 88.1 MPH)
Top of the 6th over - 1 run, 2 hits, 0 errors, 2 left on base; Kansas City 1 - Atlanta 1
BOTTOM OF THE 6TH
Atlanta Braves batting - Pitching for Kansas City Royals : RHP Ronald Coleman
Batting: SHB Michael Davidson 0-0: Ground out 6-3 (Groundball, P, EV 80.6 MPH)
Batting: LHB Eric Kilbridge 0-0: Foul Ball, location: 2F
0-1: Called Strike
0-2: Ball
1-2: Ball
2-2: Ground out U3 (Groundball, 23, EV 91.9 MPH)
Batting: RHB Murai Kimura 0-0: Foul Ball, location: 5FF
0-1: Called Strike
0-2: Ball
1-2: Foul Ball, location: 25FF
1-2: Ball
2-2: Foul Ball, location: 2F
2-2: Ball
3-2: Foul Ball, location: 7LSF
3-2: SINGLE (Groundball, 56S, EV 67.5 MPH) (infield hit)
Batting: LHB Paul Graham 0-0: Called Strike
Pickoff Throw by Catcher to First - Out!
Bottom of the 6th over - 0 runs, 1 hit, 0 errors, 0 left on base; Kansas City 1 - Atlanta 1
TOP OF THE 7TH
Kansas City Royals batting - Pitching for Atlanta Braves : RHP Ed Meyer
Batting: RHB Tamuramaro Maeda 0-0: Swinging Strike
0-1: Swinging Strike
0-2: Foul Ball, location: 9LDF
0-2: Strikes out swinging
Batting: RHB David Harris 0-0: Called Strike
0-1: Foul Ball, location: 25F
0-2: Ball
1-2: Strikes out looking
Batting: RHB Andrés Mota 0-0: Ball
1-0: Ball
2-0: Ground out 4-3 (Groundball, 4, EV 102.5 MPH)
Top of the 7th over - 0 runs, 0 hits, 0 errors, 0 left on base; Kansas City 1 - Atlanta 1
BOTTOM OF THE 7TH
Atlanta Braves batting - Pitching for Kansas City Royals : RHP Ronald Coleman
Pitching: LHP Tony Cardenas
Batting: LHB Paul Graham 0-0: Foul Ball, location: 3FF
0-1: SOLO HOME RUN (Flyball, 7D, EV 100.0 MPH), Distance : 382 ft
Pitching: RHP Ken Hopkins
Batting: RHB Ray Boyer 0-0: Ball
1-0: Foul Ball, location: 23F
1-1: Swinging Strike
1-2: Hit by Pitch, AND HE CHARGES THE MOUND! The benches clear!
Pitching: RHP Javier Fernández
Pinch Runner at 1st Vince Gielens:
Batting: RHB Dave Lester 0-0: Ball
1-0: Ball
2-0: Fly out, F8 (Flyball, 8LD, EV 91.3 MPH)
Batting: RHB Ronald Baldwin 0-0: Called Strike
0-1: Ball
1-1: Ball
2-1: Grounds into double play, 6-4-3 (Groundball, 6, EV 106.3 MPH)
Bottom of the 7th over - 1 run, 1 hit, 0 errors, 0 left on base; Kansas City 1 - Atlanta 2
TOP OF THE 8TH
Kansas City Royals batting - Pitching for Atlanta Braves : RHP Ed Meyer
Pitching: RHP Ángel Chávez
Now at 2B: Tyrone Evans
Batting: RHB Neal Martin 0-0: Ground out 6-3 (Groundball, 6, EV 85.6 MPH)
Batting: RHB Jorge Morán 0-0: Ground out 6-3 (Groundball, 56S, EV 79.4 MPH)
Batting: LHB Dan Heller 0-0: Called Strike
0-1: Called Strike
0-2: Ball
1-2: Ground out U3 (Groundball, 3L, EV 85.0 MPH)
Top of the 8th over - 0 runs, 0 hits, 0 errors, 0 left on base; Kansas City 1 - Atlanta 2
BOTTOM OF THE 8TH
Atlanta Braves batting - Pitching for Kansas City Royals : RHP Javier Fernández
Batting: SHB Ramón Salinas 0-0: Ball
1-0: Ground out 4-3 (Groundball, 34, EV 91.9 MPH)
Batting: RHB Kelvin White 0-0: Foul Ball, location: 7LMFF
0-1: Ball
1-1: Called Strike
1-2: Foul Ball, location: 25F
1-2: SINGLE (Line Drive, 9S, EV 101.3 MPH)
Batting: SHB Michael Davidson 0-0: Foul Ball, location: 7LSF
0-1: Ball
1-1: Ball
2-1: Ball
3-1: Foul Ball, location: 2F
3-2: Strikes out swinging
Batting: LHB Eric Kilbridge 0-0: Called Strike
0-1: Ball
1-1: Ball
2-1: Foul Ball, location: 7LMF
2-2: Foul Ball, location: 2F
2-2: SINGLE (Line Drive, 34D, EV 96.9 MPH)
Kelvin White to second
Runner from 2nd tries for 3rd, SAFE, throw by RF made to third
Batting: RHB Murai Kimura 0-0: Called Strike
0-1: Ball
1-1: Swinging Strike
1-2: Foul Ball, location: 9LMF
1-2: Ball
2-2: DOUBLE (Line Drive, 7LS, EV 102.5 MPH)
Kelvin White scores
Eric Kilbridge to third
Pitching: RHP Donald McDaniel
Batting: LHB Paul Graham 0-0: Ball
1-0: Ball
2-0: Ball
3-0: Called Strike
3-1: Called Strike
3-2: 3-RUN HOME RUN (Flyball, 7D, EV 97.5 MPH), Distance : 378 ft
Batting: RHB Tyrone Evans 0-0: Ball
1-0: Foul Ball, location: 5F
1-1: Called Strike
1-2: Foul Ball, location: 5DF
1-2: Strikes out looking
Bottom of the 8th over - 4 runs, 4 hits, 0 errors, 0 left on base; Kansas City 1 - Atlanta 6
TOP OF THE 9TH
Kansas City Royals batting - Pitching for Atlanta Braves : RHP Ángel Chávez
Now at 3B: Luis Acevedo
Batting: RHB Bert Acheson 0-0: Ball
1-0: Ball
2-0: Called Strike
2-1: Swinging Strike
2-2: Foul Ball, location: 2F
2-2: Ball
3-2: Foul Ball, location: 7LSF
3-2: Strikes out swinging
Batting: LHB Sergio Longoria 0-0: Ball
1-0: Ball
2-0: Called Strike
2-1: Ball
3-1: SINGLE (Line Drive, 9LS, EV 108.1 MPH)
Batting: RHB Edgardo Pérez 0-0: Ball
1-0: Called Strike
1-1: Ball
2-1: Ball
3-1: Foul Ball, location: 5F
3-2: Strikes out swinging
Pitching: RHP Juan Ortega
Batting: RHB Tamuramaro Maeda 0-0: Swinging Strike
0-1: Called Strike
0-2: Foul Ball, location: 25F
0-2: Ball
1-2: Ball
2-2: Ball
3-2: Strikes out swinging
Top of the 9th over - 0 runs, 1 hit, 0 errors, 1 left on base; Kansas City 1 - Atlanta 6
Monday, April 15th , 2024 - OOTP Baseball 24.10 Build 82